 Dungeon Crawl Stone Soup version 0.31-a0-986-g5e6e4ef867 (webtiles) character file.

Game seed: 9729576060337085698

370036 TrayleKats the Sorcerer (level 21, -2/112 HPs)
             Began as a Deep Elf Fire Elementalist on Nov 9, 2023.
             Was the Champion of Vehumet.
             Killed from afar by a hellion (35 damage)
             ... with damnation
             ... on level 3 of the Abyss on Nov 10, 2023.
             The game lasted 02:05:42 (75398 turns).

TrayleKats the Sorcerer (DEFE)                     Turns: 75398, Time: 02:05:43

Health: -2/112     AC: 18    Str:  3      XL:     21   Next: 67%
Magic:  39/39      EV: 17    Int: 30 (32) God:    Vehumet [******]
Gold:   656        SH:  9    Dex: 10      Spells: 15/63 levels left

rFire   + + +        A - staff "Demon's Death Toll" {Drain +Blink rElec rF+ rCorr Fire}
rCold   + . .        W - +3 buckler {AC+3}
rNeg    + . .        p - +2 robe {rC+ rF+}
rPois   +            O - +0 hat of Passar {rElec rC+}
rElec   +            a - +2 cloak of the Abyss {rF++ Str-3 Int+2 Stlth+}
rCorr   +            P - +2 pair of gloves
SInv    .            K - +2 pair of boots
Will    +++..        S - amulet of Ruetib {RegenMP rPois rCorr}
Stlth   +++          Y - ring of Lod Vygh {Fly rC+ rN+ Will+}
HPRegen 0.00/turn    v - ring of wizardry
MPRegen 0.66/turn

%: random rage (9%), wizardry (x1)
@: about to teleport, flying, inhibited regen, slowed, lost strength, studying
Shapeshifting, very slow
A: horns 1, clever 1, inhibited regeneration, [berserk 2], [clumsy 2],
[deterioration 1], [dopey 2], [frail 2], [low MP 2], [screaming 1], cold
vulnerability 1[+1], [subdued magic 3], [inability to read after injury 2]
}: 2/15 runes: serpentine, barnacled
a: Renounce Religion, Evoke Blink


You were on level 3 of the Abyss.
You worshipped Vehumet.
Vehumet was exalted by your worship.
You visited 6 branches of the dungeon, and saw 35 of its levels.
You visited the Abyss 1 time.
You also visited: Trove, Ice Cave and Wizlab.

You collected 4359 gold pieces.
You spent 3703 gold pieces at shops.

Inventory:

Missiles
 w - 5 throwing nets
Armour
 a - the +2 cloak of the Abyss (worn) {rF++ Str-3 Int+2 Stlth+}
   (You acquired it on level 15 of the Dungeon)

   Str-3:     It affects your strength (-3).
   Int+2:     It affects your intelligence (+2).
   rF++:      It greatly protects you from fire.
   Stlth+:    It makes you more stealthy.
 p - a +2 robe of resistance (worn)
 t - a +2 hat
 H - a +0 kite shield of protection
 K - a +2 pair of boots (worn)
 O - the +0 hat of Passar (worn) {rElec rC+}
   (You found it in an ice cave)

   rC+:       It protects you from cold.
   rElec:     It insulates you from electricity.
 P - a +2 pair of gloves (worn)
 W - a +3 buckler of protection (worn)
Magical Staves
 A - the staff "Demon's Death Toll" (weapon) {Drain +Blink rElec rF+ rCorr Fire}
   (You found it on level 4 of the Shoals)

   [staff of fire]

   Base accuracy: +5 Base damage: 5 Base attack delay: 1.2 This weapon's minimum
   attack delay (0.6) is reached at skill level 12.
   rF+:       It protects you from fire.
   rElec:     It insulates you from electricity.
   +Blink:    It lets you blink.
   rCorr:     It protects you from acid and corrosion.
   Drain:     It drains your maximum health when unequipped.
   Fire:      It increases the power of your Fire spells.
   It falls into the 'Staves' category.
   It is a one-handed weapon.
Jewellery
 m - a +4 ring of protection
 v - a ring of wizardry (right hand)
 G - the ring of the Tempest {rElec MP+9}
   (You took it off an orc warrior on level 9 of the Dungeon)

   [ring of magical power]

   rElec:     It insulates you from electricity.
   MP+9:      It affects your magic capacity (+9).
 M - the ring "Ferimeci" {rPois rN+ Str+3 Stlth-}
   (You took it off a salamander on level 4 of the Snake Pit)

   [ring of positive energy]

   Str+3:     It affects your strength (+3).
   rPois:     It protects you from poison rN+: It protects you from negative
   energy.
   Stlth-:    It makes you less stealthy.
 S - the amulet of Ruetib (around neck) {RegenMP rPois rCorr}
   (You acquired it on level 2 of the Orcish Mines)

   [amulet of magic regeneration]

   RegenMP:   It increases your rate of magic regeneration.
   rPois:     It protects you from poison rCorr: It protects you from acid and
   corrosion.
 V - a ring of see invisible
 Y - the ring of Lod Vygh (left hand) {Fly rC+ rN+ Will+}
   (You bought it in a shop on level 2 of the Orcish Mines)

   [ring of flight]

   rC+:       It protects you from cold.
   rN+:       It protects you from negative energy.
   Will+:     It increases your willpower.
   Fly:       It grants you flight.
Wands
 d - a wand of paralysis (21)
 h - a wand of light (19)
 o - a wand of mindburst (13)
 x - a wand of polymorph (22)
 y - a wand of roots (17)
 F - a wand of flame (60)
 X - a wand of digging (15)
Scrolls
 j - 6 scrolls of noise
 k - 2 scrolls of revelation
 l - 15 scrolls of teleportation
 n - 7 scrolls of fog
 s - 10 scrolls of fear
 z - 4 scrolls of vulnerability
 C - a scroll of enchant armour
 E - 9 scrolls of blinking
 J - 2 scrolls of poison
 L - 2 scrolls of silence
 N - 2 scrolls of torment
 Q - 13 scrolls of identify
 R - 2 scrolls of immolation
 T - a scroll of summoning
 U - 5 scrolls of amnesia
Potions
 b - 2 potions of berserk rage
 c - 2 potions of heal wounds
 e - 12 potions of enlightenment
 f - 7 potions of mutation
 g - 7 potions of haste
 i - 2 potions of resistance
 q - 9 potions of attraction
 r - a potion of ambrosia
 u - 8 potions of curing
 B - 4 potions of lignification
 D - 2 potions of magic
 I - 4 potions of invisibility
 Z - a potion of cancellation {unknown}


   Skills:
 + Level 18.1 Fighting
 + Level 7.6 Staves
 + Level 8.9 Armour
 - Level 18.0 Dodging
 - Level 2.4 Stealth
 + Level 10.9 Shields
 + Level 21.9 Spellcasting
 - Level 6.2 Conjurations
 - Level 17.0 Fire Magic
 + Level 8.1 Ice Magic
 - Level 6.0 Air Magic
 - Level 7.3 Poison Magic


You had 15 spell levels left.
You knew the following spells:

 Your Spells              Type           Power      Damage    Failure   Level
a - Foxfire               Conj/Fire      100%       2x1d9     0%          1
b - Scorch                Fire           100%       2d9       0%          2
c - Volatile Blastmotes   Fire/Tloc      100%       2d18      0%          3
d - Flame Wave            Conj/Fire      69%        2d16      0%          4
e - Olgreb's Toxic Radia  Pois           40%        N/A       1%          4
f - Plasma Beam           Fire/Air       34%        2x1d47    1%          6
g - Vhi's Electric Charg  Tloc/Air       52%        N/A       1%          4
h - Ignition              Fire           41%        3d12      1%          8
i - Freezing Cloud        Conj/Ice/Air   19%        6-21      1%          5
j - Lee's Rapid Deconstr  Erth           8%         3d7*      3%          5
k - Starburst             Conj/Fire      34%        6d10      1%          6

Your spell library contained the following spells:

 Spells                   Type           Power      Damage    Failure   Level
 Polar Vortex             Ice            21%        12d2*     97%         9
 Chain Lightning          Conj/Air       18%        3d24      99%         9
 Shatter                  Erth           8%         3d10*     99%         9
 Magic Dart               Conj           100%       1d8       0%          1
 Shock                    Conj/Air       100%       1d9       0%          1
 Poisonous Vapours        Pois/Air       76%        N/A       0%          2
 Static Discharge         Conj/Air       72%        3-6/arc   0%          2
 Ignite Poison            Fire/Tmut/Pois 59%        N/A       0%          3
 Inner Flame              Hex/Fire       60%        N/A       0%          3
 Sticky Flame             Conj/Fire      69%        2d8       0%          4
 Sandblast                Erth           34%        2d9       1%          1
 Slow                     Hex            68%        N/A       1%          1
 Sting                    Tmut/Pois      100%       1d8       1%          1
 Call Imp                 Summ           34%        N/A       1%          2
 Cigotuvi's Dreadful Rot  Necr/Pois/Air  62%        N/A       1%          2
 Lesser Beckoning         Tloc           34%        N/A       1%          2
 Sublimation of Blood     Necr           17%        N/A       1%          2
 Wereblood                Tmut           17%        N/A       1%          2
 Confusing Touch          Hex            17%        N/A       1%          3
 Dazzling Flash           Conj/Hex       54%        N/A       1%          3
 Gell's Gravitas          Tloc           17%        N/A       1%          3
 Hailstorm                Conj/Ice       39%        3d9       1%          3
 Mephitic Cloud           Conj/Pois/Air  37%        N/A       1%          3
 Sigil of Binding         Hex            17%        N/A       1%          3
 Swiftness                Air            36%        N/A       1%          3
 Teleport Other           Tloc           17%        N/A       1%          3
 Tukima's Dance           Hex            17%        N/A       1%          3
 Vampiric Draining        Necr           17%        2d7       1%          3
 Airstrike                Air            18%        2d(3-19)  1%          4
 Brom's Barrelling Bould  Conj/Erth      27%        2d5       1%          4
 Fulminant Prism          Conj/Hex       13%        3d8       1%          4
 Iskenderun's Mystic Bla  Conj/Tloc      27%        2d7       1%          4
 Summon Lightning Spire   Summ/Air       26%        N/A       1%          4
 Arcjolt                  Conj/Air       18%        1d28      1%          5
 Fireball                 Conj/Fire      34%        3d14      1%          5
 Irradiate                Conj/Tmut      13%        3d16      1%          5
 Iskenderun's Battlesphe  Conj           36%        2d9       1%          5
 Metabolic Englaciation   Hex/Ice        15%        N/A       1%          5
 Conjure Ball Lightning   Conj/Air       18%        3x3d6     1%          6
 Silence                  Hex/Air        13%        N/A       3%          5
 Yara's Violent Unravell  Hex/Tmut       8%         3d5       3%          5
 Animate Armour           Summ/Erth      34%        N/A       4%          4
 Cause Fear               Hex            8%         N/A       4%          4
 Dispel Undead            Necr           17%        3d10      4%          4
 Passage of Golubria      Tloc           17%        N/A       4%          4
 Petrify                  Tmut/Erth      17%        N/A       4%          4
 Eringya's Noxious Bog    Tmut/Pois      14%        4d6       4%          6
 Orb of Destruction       Conj           18%        9d8       9%          7
 Agony                    Necr           17%        N/A       12%         5
 Summon Forest            Summ/Tloc      8%         N/A       12%         5
 Summon Mana Viper        Hex/Summ       17%        N/A       12%         5
 Maxwell's Capacitive Co  Air            18%        ∞         54%         8
 Death Channel            Necr           8%         N/A       58%         6
 Dispersal                Tloc           8%         N/A       58%         6
 Summon Cactus Giant      Summ           8%         N/A       58%         6
 Fire Storm               Conj/Fire      34%        8d9       67%         9
 Haunt                    Necr/Summ      8%         N/A       98%         7
 Summon Hydra             Summ           8%         N/A       98%         7
 Discord                  Hex            8%         N/A       100%        8
 Dragon's Call            Summ           8%         N/A       100%        9


Dungeon Overview and Level Annotations

Branches:
Dungeon (15/15)            Temple (0/1) D:7            Lair (5/5) D:9
 Shoals (4/4) Lair:3        Snake (4/4) Lair:3        Slime (0/5) Lair:4
    Orc (2/2) D:9             Elf (0/3) Orc:2        Vaults (5/5) D:14
  Crypt (0/3) Vaults:3     Depths (0/4) D:15          IceCv (visited)
 WizLab (visited)

Altars:
Ashenzari
Hepliaklqana
Kikubaaqudgha
Nemelex Xobeh
Okawaru
Ru
Vehumet
Wu Jian
Yredelemnul
Zin

Shops:
D:11 *   D:15 *   Orc:2 (*[=*   Snake:2 ?   Snake:3 :[:*   Vaults:1 ?
Vaults:2 !::[!   Vaults:3 [

Annotations:
Lair:5 5 runed translucent doors, Arex's ghost, journeyman OpFi; lunkers's ghost, journeyman MeEE


Innate Abilities, Weirdness & Mutations

You have a pair of small horns on your head.
Your mind is acute. (Int +4, Str/Dex -1)
You do not regenerate when monsters are visible.
[You have an uncontrollable temper.]
[You are very clumsy. (Dex -4)]
[Your body sometimes deteriorates upon taking damage.]
[You are very dopey. (Int -4)]
[You are very frail. (-20% HP)]
[Your magical capacity is very low. (-20% MP)]
[You occasionally shout uncontrollably at your foes.]
[You are very vulnerable to cold. (rC--)]
[Your spells are much easier to cast, but much less powerful.]
[You sometimes lose the ability to read scrolls when taking damage.]


Message History

You feel less vulnerable to cold.
You feel stronger.
You lose the ability to drink potions when taking damage less often.
You feel more energetic.
You feel less vulnerable to heat.
You no longer feel vulnerable to heat.
Your urge to scream lessens.
You no longer become unable to drink potions after taking damage.
Your body's shape seems more normal.
Unknown command.
You are too injured to fight recklessly!
A hellion comes into view.
The hellion gestures at you.
The sphere of damnation explodes!
The damnation engulfs you!!
* * * LOW HITPOINT WARNING * * *
Your body deteriorates!
You feel dopey.
The damnation engulfs the iron imp!!
The iron imp dies!
You feel much better. The hellion gestures at you.
The sphere of damnation explodes!
The damnation engulfs you!!
* * * LOW HITPOINT WARNING * * *
You feel much better. The hellion gestures at you.
The sphere of damnation explodes!
The damnation engulfs you!!
* * * LOW HITPOINT WARNING * * *
The damnation engulfs the hellion.
The hellion completely resists.
Okay, then.
You feel much better. You block the hellion's attack. x2
As you read the scroll of teleportation, it crumbles to dust.
You feel strangely unstable.
You feel the power of the Abyss delaying your translocation!
The hellion gestures at you.
The sphere of damnation explodes!
The damnation engulfs you!!
* * * LOW HITPOINT WARNING * * *
The damnation engulfs the hellion.
The hellion completely resists.
The neqoxec shouts!
Blink to where?
Press: ? - help, Dir - move target
As you read the scroll of blinking, it crumbles to dust.
The hellion gestures at you.
The sphere of damnation explodes!
The damnation engulfs you!!
You die...

#. 3 u # . 3≈
# . 8#. ⌠ .
33### . X #. #
.. ## .##. .
### . ⌠# ##...
#. ##@# ⌠ # #
.. . §#§# .###
.. #2###..##
.#†... ...#.#
##. ... # . #
#...#..##
...###. . X
#2...## . # .#
. . X5
#§.§.##... .##
# ..
#.####.†##...
#.#.
##...#....X.#.
..


You could see a hellion.

Vanquished Creatures
  Sojobo (Vaults:5)
  Bai Suzhen (Vaults:3)
  Frederick (Vaults:3)
  Norris (Vaults:1)
  A profane servitor (WizLab)
  A hellephant (WizLab)
  A tentacled monstrosity (Vaults:5)
  Rupert (D:14)
  2 Ice Fiends (IceCv)
  3 titans
  3 sphinxes
  2 tentacled starspawn (WizLab)
  A kraken (Shoals:4)
  3 tengu reavers
  3 shadow dragons
  Kirke (Shoals:1)
  Roxanne (Shoals:1)
  16 nagarajas
  Ilsuiw (Shoals:3)
  A fenstrider witch (shapeshifter) (WizLab)
  15 vault wardens
  A frost giant (Vaults:5)
  A ghost moth (WizLab)
  Louise (D:15)
  20 ironbound preservers
  A balrug (WizLab)
  3 formless jellyfish (Vaults:3)
  A broodmother (WizLab)
  2 orc warlords
  A war gargoyle (Vaults:4)
  5 very ugly things
  9 stone giants
  14 ironbound thunderhulks
  Nessos (D:12)
  2 deep elf annihilators (Vaults:5)
  A minotaur (Lair:2)
  5 dire elephants
  8 merfolk impalers
  3 ettins
  Josephine (Lair:4)
  8 entropy weavers
  A fire dragon (D:15)
  6 merfolk javelineers
  12 yaktaur captains
  40 vault guards
  2 rakshasas (WizLab)
  3 great orbs of eyes
  4 salamander tyrants (Snake:4)
  8 ironbound frosthearts
  2 peacekeepers (Vaults:4)
  7 hydras
  An ice dragon (D:15)
  An ogre mage (Vaults:5)
  Erica (Lair:2)
  6 anacondas
  19 centaur warriors
  2 catoblepae
  2 alligator snapping turtles
  4 boulder beetles
  A death knight (D:14)
  6 merfolk avatars
  An anaconda (shapeshifter) (Vaults:5)
  2 alligators (Shoals:2)
  15 death yaks
  3 two-headed ogres
  4 tengu warriors (D:15)
  4 satyrs
  Urug (D:10)
  A deep troll earth mage (Vaults:5)
  16 naga warriors
  A thrashing horror (WizLab)
  9 naga sharpshooters
  An orc high priest (Orc:2)
  4 shock serpents
  2 hell knights
  Nergalle (Orc:2)
  5 skeletal warriors (D:12)
  10 skysharks
  3 wretched stars (Abyss:3)
  A sixfirhy (WizLab)
  Amaemon (D:9)
  4 salamander mystics
  A goliath frog (Shoals:2)
  Lodul (D:10)
  2 shadow demons (WizLab)
  A bog body (IceCv)
  2 glowing orange brains
  33 deep trolls
  8 sea snakes
  An orb spider (WizLab)
  13 lindwurms
  20 ironbound convokers
  2 obsidian statues
  An orange crystal statue (IceCv)
  8 phantasmal warriors
  A spriggan simulacrum (D:14)
  6 naga ritualists
  9 arcanists
  4 mana vipers
  2 deep elf pyromancers
  8 orc knights
  A large abomination (WizLab)
  A necromancer (Vaults:1)
  24 harpies
  29 ugly things
  7 cyclopes
  A fire giant zombie (Vaults:1)
  11 fauns
  3 orc sorcerers
  A worldbinder (WizLab)
  5 elephants (Lair:5)
  16 salamanders
  17 manticores
  Maurice (D:10)
  3 water nymphs
  12 naga magi
  33 black mambas
  13 merfolk sirens
  An apocalypse crab (WizLab)
  A guardian serpent (Snake:4)
  31 vault sentinels
  7 cane toads
  2 molten gargoyles
  2 eyes of devastation (shapeshifter)
  2 orange demons
  24 yaktaurs
  2 unseen horrors
  3 rime drakes
  A komodo dragon (shapeshifter) (WizLab)
  3 kobold demonologists
  7 komodo dragons
  2 ice devils (IceCv)
  7 freezing wraiths
  2 anaconda simulacra
  A golden dragon simulacrum (IceCv)
  34 merfolk
  7 trolls
  A meliai (shapeshifter) (D:14)
  3 alligator simulacra
  11 wind drakes
  A tengu simulacrum (Vaults:1)
  A hellwing (WizLab)
  Grinder (D:3)
  4 polar bears
  4 raiju
  16 blink frogs
  5 dream sheep (Lair:4)
  13 snapping turtles
  3 flying skulls (Abyss:3)
  41 slime creatures
  6 jumping spiders (WizLab)
  Sigmund (D:6)
  A vampire (D:10)
  2 shadows
  A dire elephant simulacrum (IceCv)
  4 water elementals
  7 wraiths
  36 yaks
  A yak (shapeshifter) (Vaults:5)
  7 wyverns
  Grum (D:10)
  4 hogs (Shoals:1)
  2 neqoxecs (Abyss:3)
  4 redbacks
  16 humans
  2 harpy simulacra (IceCv)
  3 steam dragons
  5 basilisks
  17 vampire mosquitoes
  Menkaure (D:6)
  Edmund (D:6)
  11 minotaur simulacra
  2 acid dragons
  2 wargs (Orc:2)
  34 nagas
  3 hell hounds (Lair:5)
  15 water moccasins
  27 orc warriors
  A meliai simulacrum (D:14)
  Duvessa (D:6)
  An ettin simulacrum (IceCv)
  A swamp drake (shapeshifter) (Vaults:2)
  18 centaurs
  11 wolves
  5 black bears
  11 ogres
  2 boggarts (WizLab)
  11 kobold brigands
  A phantom (D:7)
  9 bullfrogs
  A gnoll sergeant (D:6)
  4 deep troll simulacra (IceCv)
  6 wights (D:9)
  A scorpion (D:3)
  Dowan (D:6)
  11 killer bees
  6 howler monkeys
  5 lava snakes (Lair:5)
  A human simulacrum (Vaults:1)
  10 orc priests
  6 starcursed masses (Abyss:3)
  4 hounds
  A sleepcap (D:6)
  26 orc wizards
  7 gnolls
  8 adders
  2 shadow imps (D:9)
  A white imp (Abyss:3)
  A worm (D:4)
  68 orcs
  11 ball pythons
  7 bats
  10 endoplasms
  4 giant cockroaches
  6 goblins
  6 hobgoblins
  A quokka (D:3)
  4 frilled lizards
  52 kobolds
  6 kobold skeletons (D:9)
  12 kobold zombies (D:9)
  5 rats
  4 foxfires
  3 starspawn tentacles (WizLab)
1498 creatures vanquished.

Vanquished Creatures (collateral kills)
  2 foxfires
2 creatures vanquished.

Vanquished Creatures (others)
  An iron imp (Abyss:3)
  1277 foxfires
  A starspawn tentacle (WizLab)
  4 tentacles (Shoals:4)
1283 creatures vanquished.

Grand Total: 2783 creatures vanquished

Notes
Turn   | Place    | Note
-------+----------+-------------------------------------------
     0 | D:1      | TrayleKats the Deep Elf Fire Elementalist began the quest
                  | for the Orb.
     0 | D:1      | Reached XP level 1. HP: 10/10 MP: 6/6
   173 | D:1      | Reached XP level 2. HP: 15/15 MP: 5/8
   252 | D:1      | Learned a level 2 spell: Scorch
   903 | D:1      | Reached XP level 3. HP: 19/19 MP: 3/9
  1272 | D:2      | Found a sacrificial altar of Ru.
  1996 | D:2      | Reached XP level 4. HP: 22/24 MP: 0/11
  2878 | D:3      | Identified the "Fomeal"
  3369 | D:3      | Noticed a scorpion
  3373 | D:3      | Killed a scorpion
  3374 | D:3      | Reached skill level 4 in Spellcasting
  3374 | D:3      | Reached skill level 5 in Fire Magic
  3374 | D:3      | Reached XP level 5. HP: 28/28 MP: 7/13
  3430 | D:3      | Learned a level 3 spell: Volatile Blastmotes
  3710 | D:3      | Found a sparkling altar of Nemelex Xobeh.
  3724 | D:3      | Noticed Grinder
  4125 | D:3      | Found a faded altar of an unknown god.
  4178 | D:3      | Killed Grinder
  4179 | D:3      | Reached skill level 5 in Spellcasting
  4179 | D:3      | Reached XP level 6. HP: 32/32 MP: 5/15
  5079 | D:4      | Identified the amulet "Ojil" {Faith rF+ Str-5 Int+2 Stlth+}
  5647 | D:5      | Entered Level 5 of the Dungeon
  5782 | D:5      | Gained mutation: You have a pair of small horns on your
                  | head. [potion of mutation]
  5782 | D:5      | Gained mutation: Your mind is acute. (Int +4, Str/Dex -1)
                  | [potion of mutation]
  5910 | D:5      | Noticed an orc warrior
  5917 | D:5      | Killed an orc warrior
  5918 | D:5      | Reached XP level 7. HP: 36/36 MP: 3/17
  6245 | D:5      | Identified the +1 rapier "Nioje" {freeze, rF++ Str-2}
  6537 | D:5      | Reached skill level 6 in Spellcasting
  6830 | D:6      | Learned a level 4 spell: Flame Wave
  6831 | D:6      | Found an ancient bone altar of Kikubaaqudgha.
  6849 | D:6      | Noticed Dowan
  6850 | D:6      | Noticed Duvessa
  6852 | D:6      | Noticed Menkaure
  6861 | D:6      | Killed Duvessa
  6861 | D:6      | Killed Menkaure
  6866 | D:6      | Killed Dowan
  6867 | D:6      | Reached skill level 5 in Conjurations
  6998 | D:6      | Reached XP level 8. HP: 41/41 MP: 15/20
  7041 | D:6      | Reached skill level 7 in Spellcasting
  7587 | D:6      | Found an ornate altar of the Wu Jian Council.
  7704 | D:6      | Noticed Edmund
  7712 | D:6      | Noticed Sigmund
  7716 | D:6      | Killed Sigmund
  7725 | D:6      | Killed Edmund
  7726 | D:6      | Reached skill level 8 in Spellcasting
  9083 | D:7      | Reached XP level 9. HP: 45/45 MP: 18/23
  9183 | D:7      | Found a radiant altar of Vehumet.
  9189 | D:7      | Found a staircase to the Ecumenical Temple.
  9196 | D:7      | Reached skill level 1 in Fighting
  9204 | D:7      | Became a worshipper of Vehumet
  9235 | D:7      | Found an iron altar of Okawaru.
  9283 | D:7      | Learned a level 4 spell: Olgreb's Toxic Radiance
  9521 | D:8      | Reached skill level 9 in Spellcasting
  9521 | D:8      | Reached skill level 1 in Poison Magic
  9617 | D:8      | Learned a level 6 spell: Plasma Beam
  9622 | D:8      | Learned a level 4 spell: Vhi's Electric Charge
 10188 | D:8      | Noticed a komodo dragon
 10212 | D:8      | Killed a komodo dragon
 11084 | D:9      | Reached * piety under Vehumet
 11084 | D:9      | Offered knowledge of Kiss of Death by Vehumet.
 11088 | D:9      | Reached skill level 10 in Fire Magic
 11301 | D:9      | Found a staircase to the Lair.
 11340 | D:9      | Found a broken altar of Ashenzari.
 11775 | D:9      | Reached ** piety under Vehumet
 12101 | D:9      | Offered knowledge of Freeze by Vehumet.
 12102 | D:9      | Reached XP level 10. HP: 56/56 MP: 19/25
 12626 | D:9      | Offered knowledge of Searing Ray by Vehumet.
 12679 | D:9      | Reached skill level 10 in Spellcasting
 12700 | D:9      | Reached skill level 5 in Dodging
 12700 | D:9      | Reached skill level 5 in Poison Magic
 12929 | D:9      | Found an ancient bone altar of Kikubaaqudgha.
 13065 | D:9      | Found a staircase to the Orcish Mines.
 13188 | D:9      | Noticed a red ugly thing
 13200 | D:9      | Reached *** piety under Vehumet
 13279 | D:9      | Found a glowing silver altar of Zin.
 13372 | D:9      | Noticed a centaur warrior
 13376 | D:9      | Killed a red ugly thing
 13376 | D:9      | Killed a centaur warrior
 13421 | D:9      | Reached skill level 5 in Fighting
 13675 | D:9      | Offered knowledge of Airstrike by Vehumet.
 13793 | D:9      | Identified the ring of the Tempest {rElec MP+9}
 13796 | D:9      | Noticed a manticore
 13801 | D:9      | Killed a manticore
 13810 | D:9      | Noticed a six-headed hydra
 13812 | D:9      | Killed a six-headed hydra
 13813 | D:9      | Reached XP level 11. HP: 57/64 MP: 12/27
 14476 | D:9      | Noticed Amaemon
 14488 | D:9      | Killed Amaemon
 14489 | D:9      | Reached skill level 11 in Spellcasting
 14980 | D:9      | Learned a level 8 spell: Ignition
 15044 | Lair:1   | Entered Level 1 of the Lair of Beasts
 15059 | Lair:1   | Reached skill level 1 in Air Magic
 15593 | Lair:1   | Reached skill level 1 in Shields
 15815 | Lair:1   | Reached **** piety under Vehumet
 16526 | Lair:2   | Noticed a skyshark
 16707 | Lair:2   | Offered knowledge of Frozen Ramparts by Vehumet.
 17036 | Lair:2   | Killed a skyshark
 17393 | Lair:2   | Reached XP level 12. HP: 72/72 MP: 3/29
 17402 | Lair:2   | Noticed Erica
 17717 | Lair:2   | Killed Erica
 18603 | Lair:2   | Found a runed translucent door.
 19230 | Lair:2   | Noticed a minotaur
 19235 | Lair:2   | Killed a minotaur
 19236 | Lair:2   | Reached skill level 12 in Spellcasting
 21007 | Lair:3   | Found a staircase to the Snake Pit.
 21419 | Lair:3   | Noticed a five-headed hydra
 21424 | Lair:3   | Killed a five-headed hydra
 21898 | Lair:3   | Found a staircase to the Shoals.
 22018 | Lair:4   | Found a staircase to the Slime Pits.
 22546 | Lair:4   | Noticed Josephine
 22549 | Lair:4   | Killed Josephine
 22553 | Lair:4   | Reached skill level 5 in Shields
 22588 | Lair:4   | Noticed a death yak
 22593 | Lair:4   | Noticed a six-headed hydra
 22803 | Lair:4   | Killed a six-headed hydra
 23027 | Lair:4   | Noticed a death yak
 23027 | Lair:4   | Noticed a death yak
 23027 | Lair:4   | Noticed a death yak
 23028 | Lair:4   | Noticed a death yak
 23044 | Lair:4   | Killed a death yak
 23044 | Lair:4   | Killed a death yak
 23045 | Lair:4   | Killed a death yak
 23046 | Lair:4   | Reached XP level 13. HP: 77/79 MP: 23/31
 24405 | Lair:5   | Entered Level 5 of the Lair of Beasts
 24409 | Lair:5   | Reached skill level 5 in Air Magic
 24420 | Lair:5   | Reached skill level 13 in Spellcasting
 25761 | Lair:5   | Found a runed translucent gate.
 25762 | Lair:5   | Found a runed translucent gate.
 25826 | Lair:5   | Reached skill level 10 in Dodging
 26825 | Lair:5   | Reached ***** piety under Vehumet
 27115 | Lair:5   | Noticed a fire dragon
 27159 | Lair:5   | Offered knowledge of Freezing Cloud by Vehumet.
 27166 | Lair:5   | Learned a level 5 spell: Freezing Cloud
 27249 | Lair:5   | Reached skill level 10 in Fighting
 27249 | Lair:5   | Reached skill level 14 in Spellcasting
 27537 | Lair:5   | Reached XP level 14. HP: 88/88 MP: 24/34
 27991 | Lair:5   | Found a runed translucent gate.
 27992 | Lair:5   | Noticed lunkers's ghost (journeyman MeEE)
 27994 | Lair:5   | Noticed Arex's ghost (journeyman OpFi)
 28375 | Lair:5   | Found a large runed translucent door.
 28376 | Lair:5   | Found a large runed translucent door.
 29034 | Orc:1    | Entered Level 1 of the Orcish Mines
 29319 | Gauntlet | Identified the "Durgh"
 29319 | Orc:2    | Entered Level 2 of the Orcish Mines
 29321 | Orc:2    | Noticed Nergalle
 29322 | Orc:2    | Noticed an orc warlord
 29326 | Orc:2    | Killed Nergalle
 29774 | D:10     | Entered Level 10 of the Dungeon
 29890 | D:10     | Noticed Grum
 30205 | D:10     | Found a basalt altar of Yredelemnul.
 30307 | D:10     | Killed Grum
 30408 | D:10     | Noticed Urug
 30416 | D:10     | Killed Urug
 30688 | D:10     | Noticed Maurice
 30690 | D:10     | Killed Maurice
 31040 | D:10     | Noticed Lodul
 31042 | D:10     | Killed Lodul
 31159 | D:10     | Offered knowledge of Brom's Barrelling Boulder by Vehumet.
 31950 | D:11     | Found Qaxzemyr's Island Escapes.
 32513 | D:11     | Bought a potion of enlightenment for 50 gold pieces
 32513 | D:11     | Bought a scroll of teleportation for 30 gold pieces
 32513 | D:11     | Bought a scroll of blinking for 75 gold pieces
 32513 | D:11     | Bought a scroll of fog for 40 gold pieces
 33127 | D:12     | Noticed Nessos
 33130 | D:12     | Killed Nessos
 33822 | D:12     | Found a faded altar of an unknown god.
 33824 | D:12     | Found a hazy altar of Hepliaklqana.
 33826 | D:12     | Found a faded altar of an unknown god.
 33892 | D:12     | Reached skill level 15 in Spellcasting
 36285 | D:13     | Offered knowledge of Orb of Destruction by Vehumet.
 36713 | D:14     | Noticed Rupert
 37068 | D:14     | Found a gate to the Vaults.
 37071 | D:14     | Reached XP level 15. HP: 96/96 MP: 36/36
 37134 | D:14     | Paralysed by Rupert for 3 turns
 37143 | D:14     | Killed Rupert
 37286 | D:14     | Found a frozen archway.
 37321 | IceCv    | Entered an ice cave
 38421 | IceCv    | Noticed an Ice Fiend
 38424 | IceCv    | Killed an Ice Fiend
 38438 | IceCv    | Noticed an Ice Fiend
 38440 | IceCv    | Killed an Ice Fiend
 38771 | IceCv    | Offered knowledge of Ozocubu's Refrigeration by Vehumet.
 40551 | IceCv    | Learned a level 5 spell: Lee's Rapid Deconstruction
 40555 | IceCv    | Gained mutation: [You are vulnerable to cold. (rC-)] [a
                  | neqoxec]
 41218 | IceCv    | Identified the +0 hat of Passar {rElec rC+}
 41909 | D:14     | Reached skill level 16 in Spellcasting
 42987 | D:15     | Entered Level 15 of the Dungeon
 43632 | D:15     | Noticed Louise
 43644 | D:15     | Killed Louise
 43664 | D:15     | Reached skill level 15 in Fire Magic
 43794 | D:15     | Found Atoc's Assorted Antiques.
 43802 | D:15     | Bought a scroll of blinking for 187 gold pieces
 43802 | D:15     | Bought a fine staff for 425 gold pieces
 43802 | D:15     | Identified the staff "Atwol" {rC+ rN+ Str-4 Int+3 Stlth+
                  | Necro} (You bought it in a shop on level 15 of the Dungeon)
 43802 | D:15     | Bought a scroll labelled KOKHOH MILO ZICEOM for 25 gold
                  | pieces
 43802 | D:15     | Bought a scroll labelled EGYMICW LILE for 25 gold pieces
 43805 | D:15     | Acquired the +2 cloak of the Abyss {rF++ Str-3 Int+2
                  | Stlth+}
 44743 | D:15     | Found a staircase to the Depths.
 45209 | Orc:2    | Reached XP level 16. HP: 101/104 MP: 29/38
 45503 | Orc:2    | Found Fiecua's Jewellery Shop.
 45505 | Orc:2    | Found Woxuytuni's Antique Armour Shop.
 45583 | Orc:2    | Found Yqoitink's CLEARANCE SALE!.
 45586 | Orc:2    | Bought a potion of mutation for 32 gold pieces
 45650 | Orc:2    | Found Meqaidit's Antique Weapon Shop.
 45665 | Orc:2    | Found a staircase to the Elven Halls.
 45704 | Orc:2    | Found Buekes's General Store.
 45710 | Orc:2    | Bought a scroll of identify for 26 gold pieces
 45710 | Orc:2    | Bought a scroll of acquirement for 676 gold pieces
 45710 | Orc:2    | Bought a potion of heal wounds for 65 gold pieces
 45710 | Orc:2    | Bought a potion of haste for 130 gold pieces
 45710 | Orc:2    | Bought a potion of mutation for 104 gold pieces
 45710 | Orc:2    | Identified the of Kyuhix (You acquired it on level 2 of
                  | the Orcish Mines)
 45710 | Orc:2    | Acquired the amulet of Ruetib {RegenMP rPois rCorr}
 46217 | Snake:1  | Entered Level 1 of the Snake Pit
 46724 | Snake:1  | Identified the +0 pair of boots of Recklessness {Slay+2}
 46978 | Snake:1  | Learned a level 6 spell: Starburst
 48544 | Snake:2  | Reached skill level 17 in Spellcasting
 49302 | Snake:2  | Found Tywkost's Magic Scroll Shoppe.
 49308 | Snake:2  | Bought a scroll of amnesia for 56 gold pieces
 49308 | Snake:2  | Bought a scroll of teleportation for 42 gold pieces
 49308 | Snake:2  | Bought a scroll of blinking for 105 gold pieces
 49946 | Snake:3  | Offered knowledge of Fireball by Vehumet.
 50355 | Snake:3  | Found Fuciuwid's Mass Market.
 50546 | Snake:3  | Identified the +1 robe of Keaneynt {rN+ Int+2}
 50889 | Snake:3  | Identified the staff of Wisuseyt {rElec rN++ Air}
 51357 | Snake:3  | Reached skill level 1 in Armour
 51649 | Snake:3  | Found Laapeah's Book Boutique.
 51651 | Snake:3  | Found Halauj's Armour Shop.
 51653 | Snake:3  | Found Omer's Book Boutique.
 52062 | Snake:4  | Entered Level 4 of the Snake Pit
 53344 | Snake:4  | Reached XP level 17. HP: 112/112 MP: 38/40
 54046 | Snake:4  | Reached skill level 15 in Dodging
 54260 | Snake:4  | Reached skill level 18 in Spellcasting
 54476 | Snake:4  | Identified the ring "Ferimeci" {rPois rN+ Str+3 Stlth-}
 54882 | Snake:4  | Offered knowledge of Conjure Ball Lightning by Vehumet.
 55180 | Snake:4  | Got a serpentine rune of Zot
 56133 | Shoals:1 | Entered Level 1 of the Shoals
 56669 | Shoals:1 | Reached skill level 15 in Fighting
 56694 | Shoals:1 | Noticed Kirke
 56698 | Shoals:1 | Killed Kirke
 56805 | Shoals:1 | Identified the +1 ring mail of Unambiguity {rPois Int+2}
 56939 | Shoals:1 | Noticed Roxanne
 56946 | Shoals:1 | Killed Roxanne
 59358 | Shoals:3 | Reached ****** piety under Vehumet
 59360 | Shoals:3 | Reached XP level 18. HP: 119/119 MP: 39/42
 59361 | Shoals:3 | Offered knowledge of Maxwell's Capacitive Coupling by
                  | Vehumet.
 59965 | Shoals:3 | Noticed Ilsuiw
 59968 | Shoals:3 | Killed Ilsuiw
 60435 | Shoals:4 | Identified the of Erpharun
 60435 | Shoals:4 | Entered Level 4 of the Shoals
 61312 | Shoals:4 | Reached skill level 5 in Armour
 61332 | Shoals:4 | Offered knowledge of Shatter by Vehumet.
 61332 | Shoals:4 | Offered knowledge of Chain Lightning by Vehumet.
 61332 | Shoals:4 | Offered knowledge of Polar Vortex by Vehumet.
 61664 | Shoals:4 | Reached skill level 19 in Spellcasting
 61861 | Shoals:4 | Identified the ring "Hosuow" {rC- Will+ Int+3 Stlth+}
 62415 | Shoals:4 | Got a barnacled rune of Zot
 62491 | Shoals:4 | Identified the staff "Demon's Death Toll" {Drain +Blink
                  | rElec rF+ rCorr Fire}
 62658 | Shoals:4 | Identified the ring "Reqis" {rF++ MP+9}
 62960 | Vaults:1 | Entered Level 1 of the Vaults
 63351 | Orc:2    | Bought the ring of Lod Vygh {Fly rC+ rN+ Will+} for 619
                  | gold pieces
 63659 | Vaults:1 | Found Cubry's Magic Scroll Boutique.
 63669 | Vaults:1 | Bought a scroll of amnesia for 76 gold pieces
 63669 | Vaults:1 | Bought a scroll of enchant armour for 142 gold pieces
 63669 | Vaults:1 | Bought a scroll of amnesia for 76 gold pieces
 63820 | Vaults:1 | Noticed Norris
 63824 | Vaults:1 | Killed Norris
 64276 | Vaults:1 | Reached XP level 19. HP: 95/127 MP: 9/44
 66014 | Vaults:2 | Found Poeruo's Book Shop.
 66022 | Vaults:2 | Found Yqocsas's Distillery.
 66033 | Vaults:2 | Bought a potion of magic for 136 gold pieces
 66033 | Vaults:2 | Bought a potion of magic for 136 gold pieces
 66033 | Vaults:2 | Bought a potion of haste for 170 gold pieces
 66033 | Vaults:2 | Bought a potion of heal wounds for 85 gold pieces
 66033 | Vaults:2 | Bought a potion of haste for 170 gold pieces
 66065 | Vaults:2 | Reached skill level 20 in Spellcasting
 66272 | Vaults:2 | Found Veunkedgh's Distillery.
 66454 | Vaults:2 | Found a portal to a secret trove of treasure.
 66558 | Vaults:2 | You paid a toll of 13 scrolls of teleportation to enter a
                  | treasure trove
 66559 | Trove    | Identified the "Hees" (You found it in a treasure trove)
 66559 | Trove    | Identified the "Dilompur" (You found it in a treasure
                  | trove)
 66559 | Trove    | Identified the "Bilout" (You found it in a treasure trove)
 66559 | Trove    | Identified the of Denkewk (Sif Muna gifted it to you in a
                  | treasure trove)
 66559 | Trove    | Entered a treasure trove
 66774 | Vaults:2 | Reached skill level 1 in Staves
 66774 | Vaults:2 | Reached skill level 1 in Ice Magic
 67332 | Vaults:2 | Identified the +0 pair of gloves of Nyerghi {-Tele rCorr
                  | Str+2}
 67421 | Vaults:2 | Found Pyonaumn's Armour Shop.
 67452 | Vaults:2 | Found Siwetuh's Book Emporium.
 67667 | WizLab   | Identified the "Juton"
 67667 | WizLab   | Identified the "Gayloell"
 67749 | Vaults:3 | Noticed Frederick
 67774 | Vaults:3 | Killed Frederick
 67858 | Vaults:3 | Found a magical portal.
 67863 | WizLab   | Entered The Roulette of Golubria
 67863 | WizLab   | Found a transporter.
 67870 | WizLab   | Found a corrupted altar of Lugonu.
 68019 | WizLab   | Found a transporter.
 68019 | WizLab   | Found a transporter.
 68092 | WizLab   | Found a transporter.
 68097 | WizLab   | Found a corrupted altar of Lugonu.
 68102 | WizLab   | Found a transporter.
 68131 | WizLab   | Found a transporter.
 68134 | WizLab   | Found a corrupted altar of Lugonu.
 68135 | WizLab   | Found a corrupted altar of Lugonu.
 68136 | WizLab   | Noticed a hellephant
 68245 | WizLab   | Found a transporter.
 68253 | WizLab   | Noticed a profane servitor
 68431 | WizLab   | Found a transporter.
 68431 | WizLab   | Found a transporter.
 68444 | WizLab   | Reached XP level 20. HP: 77/134 MP: 9/46
 68602 | WizLab   | Found a transporter.
 68609 | WizLab   | Killed a profane servitor
 68698 | WizLab   | Found a corrupted altar of Lugonu.
 68707 | WizLab   | Found a transporter.
 68707 | WizLab   | Found a transporter.
 68933 | WizLab   | Found a transporter.
 68933 | WizLab   | Found a transporter.
 68933 | WizLab   | Found a corrupted altar of Lugonu.
 69144 | WizLab   | Found a transporter.
 69455 | WizLab   | Found a corrupted altar of Lugonu.
 69732 | WizLab   | Found a transporter.
 69732 | WizLab   | Found a transporter.
 69783 | WizLab   | Found a transporter.
 69783 | WizLab   | Found a transporter.
 70023 | WizLab   | Identified the +2 cloak of the Other World {rElec rN+ Str-3
                  | Int+3}
 70132 | Vaults:3 | Noticed Bai Suzhen
 70397 | Vaults:3 | Killed Bai Suzhen
 70628 | Vaults:3 | Found Dual's Armour Emporium.
 71085 | Vaults:3 | Found a staircase to the Crypt.
 71085 | Vaults:3 | Found an ancient bone altar of Kikubaaqudgha.
 71086 | Vaults:3 | Found a basalt altar of Yredelemnul.
 71290 | Vaults:3 | Reached skill level 5 in Ice Magic
 71560 | Vaults:3 | Reached skill level 5 in Staves
 71646 | Vaults:4 | Reached skill level 21 in Spellcasting
 72170 | Vaults:4 | Identified the +10 spear of the Exceptional God {vamp, rF-
                  | Str+9 Int+4 SInv}
 72243 | Vaults:4 | Reached skill level 10 in Shields
 73247 | Vaults:4 | Identified the ring "Uqisireat" {*Corrode rF+ Dex+4 SInv}
 73535 | Vaults:4 | Reached XP level 21. HP: 140/140 MP: 44/48
 73709 | Vaults:5 | Identified the of Zebac
 73709 | Vaults:5 | Identified the "Miwivyid"
 73709 | Vaults:5 | Entered Level 5 of the Vaults
 73714 | Vaults:5 | Noticed Sojobo
 73718 | Vaults:5 | Killed Sojobo
 75210 | Abyss:3  | Found a corrupted altar of Lugonu.
 75210 | Abyss:3  | Cast into level 3 of the Abyss (a deep elf sorcerer)
 75332 | Abyss:3  | Lost strength.
 75340 | Abyss:3  | Gained mutation: You do not regenerate when monsters are
                  | visible. [a neqoxec]
 75398 | Abyss:3  | Killed from afar by a hellion

Illustrated notes

Levels and vault maps discovered:
D:1:      matt_arrival_refuge, layout_basic
D:2:      layout_rooms, basic_altar, minmay_fractal_squares_gapless_5
D:3:      layout_rooms, mainiacjoe_overflow_chevrons,
          shapermc_ecumenical_altar_rom_forum, uniq_grinder
D:4:      layout_cave_pods
D:5:      layout_loops_cross
D:6:      layout_loops_ring, mainiacjoe_overflow_catwalk_spiral,
          grunt_ministairs_6, sigmund_edmund_badplayer, uniq_menkaure,
          uniq_duvessa, uniq_edmund
D:7:      layout_layer_cave, mainiacjoe_overflow_tiny_flanked, okawaru_trees_1,
          minmay_temple_entry_offerings, serial_glass, glass_columns_b,
          glass_columns_a, glass_columns_a, glass_columns_a, glass_columns_a,
          glass_columns_b, glass_columns_c, glass_columns_a
D:8:      layout_rooms, eino_tiny_chamber
D:9:      wander_kiku_kobolds, layout_small_grid, zin_treasury,
          nicolae_ashenzari_panopticon, orc_0_dummy, minmay_pinched_square,
          uniq_amaemon
D:10:     layout_basic, lemuel_doored_altar, uniq_maurice, uniq_lodul,
          uniq_urug, uniq_grum
D:11:     layout_roguey, nicolae_island_escapes
D:12:     layout_gridville, nicolae_hepliaklqana_ecumenical_no_more, uniq_nessos
D:13:     layout_layer_cave, kennysheep_generic_room_10
D:14:     layout_basic, david_vaults_3, portal_ice_cave_entry_ice_simulacra,
          lemuel_another_geyser
D:15:     grunt_enter_depths_hoard, layout_cave_pools, serial_shops,
          nicolae_shop_just_a_little_nook, uniq_louise
Lair:1:   layout_regular_city
Lair:2:   dreamdust_labyrinth, layout_long_grid, uniq_erica
Lair:3:   layout_hall_layers, elwin_shoals_entry_rooms,
          minmay_snake_entry_guardpost_small
Lair:4:   layout_regular_city, slime_entry_1, uniq_josephine
Lair:5:   cheibrodos_lair_end_hotspot, layout_regular_city,
          gammafunk_ghost_cemetery
Shoals:1: layout_shoals, uniq_kirke, uniq_roxanne
Shoals:2: layout_shoals, nicolae_shoals_goliath_grotto
Shoals:3: layout_shoals, uniq_ilsuiw
Shoals:4: shoals_end_hangedman, layout_shoals, shoals_ilsuiw_ice,
          nicolae_shoals_square_sea_wall
Snake:1:  layout_layer_cave
Snake:2:  layout_cave_pods, st_stairs_12, minmay_shop_grid_forest,
          grunt_megastairs_2
Snake:3:  layout_layer_cave, minmay_shop_mass, statue_in_the_mist_lemuel,
          nicolae_snake_gridmaze_zigzag, minmay_shop_star
Snake:4:  grunt_snake_rune_spirals, layout_concentric_octagons
Orc:1:    layout_caves
Orc:2:    grunt_orc_cross, layout_caves, gauntlet_entry_generic,
          nicolae_shop_clearance
Vaults:1: nicolae_vaults_closet_pinwheel_2, nicolae_vaults_wrenched,
          nicolae_vaults_sesquioval_fish, st_cross, vaults_dpeg_spiral,
          nicolae_vaults_diamond_1, ontoclasm_vaults_fault, v_misc_29,
          v_pattern_2, vaults_dpeg_encased_lava, nicolae_vaults_little_ls,
          layout_vaults_quadrants, serial_shops, shop_scrolls, uniq_norris
Vaults:2: nicolae_vaults_shrinking_rooms_2, nicolae_vaults_six-pack,
          nicolae_vaults_trapezoid_3, nicolae_vaults_ring_of_whatevers,
          vaults_room_door_ring, nicolae_vaults_what_the_h,
          nicolae_vaults_alarming, vaults_mumra_minichess, vaults_dpeg_cross,
          vaults_room_guarded_vault, vaults_dpeg_hooks,
          layout_vaults_chaotic_city, enter_trove_3, serial_shops,
          nicolae_book_shop_shelving, shop, nicolae_shop_peninsula,
          nicolae_square_shop, shop
Vaults:3: infiniplex_enter_wizlab_spiral, minmay_crypt_entry_necro_gods,
          nicolae_vaults_wine_cellar, ontoclasm_vaults_ring_large,
          dpeg_vaults_monster_box, nicolae_vaults_house_2,
          nicolae_vaults_twisting_passages, nicolae_vaults_arrows,
          nicolae_vaults_puzzle_piece, vaults_room_ringed_pool,
          nicolae_vaults_diamond_2, v_misc_10, nicolae_vaults_tetromino_T_1,
          layout_vaults_omnibox, serial_shops, nicolae_shop_stone,
          uniq_bai_suzhen, uniq_frederick
Vaults:4: nicolae_vaults_mini_display_case, vaults_room_pools,
          hangedman_vaults_cutoff, vaults_mumra_hexcomb,
          nicolae_vaults_network_s, nicolae_vaults_weapon_check,
          nicolae_vaults_angled_halls, nicolae_vaults_trapezoid_3,
          dpeg_vaults_hating_casters, nicolae_vaults_more_shelving_1,
          layout_vaults_omnicross
Vaults:5: uniq_sojobo, uniq_margery
Abyss:3:  base: D:9, doesnt_abyss_rune_brain_food, doesnt_abyss_rune_brain_food,
          minivault_27, hangedman_abyss_or_decor_clamps

Skill      XL: |  1  2  3  4  5  6  7  8  9 10 11 12 13 14 15 16 17 18 19 20 21 |
---------------+----------------------------------------------------------------+-----
Fire Magic     | 4 5 6 7 9 10 11 12 13 14 15 16 17 | 17.0
Conjurations   | 2 3 4 5 6 |  6.2
Spellcasting   | 4 5 6 8 9 10 11 12 14 15 16 17 18 19 20 21 | 21.9
Fighting       | 3 5 7 8 10 11 13 14 15 16 17 18 | 18.1
Dodging        | 4 6 7 9 10 12 13 14 15 16 17 18 | 18.0
Poison Magic   | 4 7 |  7.3
Air Magic      | 3 4 6 |  6.0
Shields        | 2 5 6 8 9 10 | 10.9
Armour         | 2 4 6 7 8 |  8.9
Staves         | 3 6 7 |  7.6
Ice Magic      | 3 6 8 |  8.1
Stealth        | |  2.4

Action                     |  1- 3 |  4- 6 |  7- 9 | 10-12 | 13-15 | 16-18 | 19-21 || total
---------------------------+-------+-------+-------+-------+-------+-------+-------++-------
  Melee: Falchion          |     5 |     5 |       |       |       |       |       ||    10
         Rapier            |       |       |     4 |    16 |    38 |       |       ||    58
         Headbutt          |       |       |       |     6 |    25 |     1 |     8 ||    40
         Staff             |       |       |       |       |    66 |     5 |    18 ||    89
   Cast: Foxfire           |    86 |   106 |   220 |   239 |    93 |       |       ||   744
         Scorch            |     8 |     9 |    43 |    22 |     4 |     3 |     1 ||    90
         Volatile Blastmot |       |     4 |     1 |     1 |       |       |       ||     6
         Flame Wave        |       |       |     2 |     2 |       |       |       ||     4
         Olgreb's Toxic Ra |       |       |     6 |     1 |    12 |       |       ||    19
         Plasma Beam       |       |       |     3 |   100 |   359 |   544 |   446 ||  1452
         Vhi's Electric Ch |       |       |       |     1 |       |       |       ||     1
         Ignition          |       |       |       |    14 |    51 |    73 |    87 ||   225
         Freezing Cloud    |       |       |       |       |    21 |       |     6 ||    27
         Lee's Rapid Decon |       |       |       |       |     9 |     7 |    12 ||    28
         Starburst         |       |       |       |       |       |       |     3 ||     3
  Evoke: Wand              |       |       |       |     6 |     8 |       |     4 ||    18
    Use: Potion            |       |     7 |       |       |     4 |       |    16 ||    27
         Scroll            |       |       |    10 |     6 |    10 |     4 |     5 ||    35
   Stab: Paralysed         |       |       |       |     3 |    12 |       |       ||    15
         Petrified         |       |       |       |       |     5 |       |       ||     5
 Armour: Robe              |     5 |    14 |    34 |    50 |   131 |   118 |   182 ||   534
         Steam dragon scal |       |       |       |       |    14 |       |       ||    14
  Dodge: Dodged            |    17 |    16 |    28 |    65 |   135 |   101 |   143 ||   505
         Repelled          |       |       |       |     1 |     3 |       |       ||     4
  Block: Buckler           |       |       |       |     6 |    91 |    61 |    77 ||   235
         Reflection        |       |       |       |       |    10 |       |       ||    10
         Form:             |       |     2 |       |       |       |       |       ||     2
         Maw               |       |     2 |       |       |       |       |       ||     2

Table legend: (Time is in decaauts)
 A = Elapsed time spent in this place.
 B = Non-inter-level travel time spent in this place.
 C = Inter-level travel time spent in this place.
 D = Time resting spent in this place.
 E = Time spent auto-exploring this place.
 F = Levels seen in this place.
 G = Mean time per level.
                   A        B        C        D        E       F      G
               +--------+--------+--------+--------+--------+-----+--------+
         Total |  75747 |  72116 |   3631 |  35488 |  28960 |  39 | 1942.2 |
       Dungeon |  26993 |  25075 |   1918 |  11197 |  11196 |  15 | 1799.5 |
          Lair |  14362 |  13312 |   1050 |   7136 |   5018 |   5 | 2872.4 |
        Shoals |   6891 |   6711 |    180 |   3918 |   2227 |   4 | 1722.8 |
     Snake Pit |   9164 |   8993 |    171 |   3893 |   4334 |   4 | 2291.0 |
  Orcish Mines |   1749 |   1657 |     92 |    408 |   1005 |   2 |  874.5 |
        Vaults |   9581 |   9363 |    218 |   3625 |   4627 |   5 | 1916.2 |
         Abyss |    218 |    218 |      0 |     15 |      0 |   1 |  218.0 |
         Trove |     86 |     86 |      0 |      0 |     47 |   1 |   86.0 |
      Ice Cave |   4567 |   4567 |      0 |   4193 |    108 |   1 | 4567.0 |
        Wizlab |   2132 |   2132 |      0 |   1101 |    397 |   1 | 2132.0 |
               +--------+--------+--------+--------+--------+-----+--------+

Top non-repeatable levels by time:
   IceCv: 4567 daAuts
     D:9: 4258 daAuts
  Lair:5: 3478 daAuts
 Snake:4: 3377 daAuts
  Lair:4: 3023 daAuts
  Lair:1: 2943 daAuts
Vaults:4: 2940 daAuts
  Lair:3: 2930 daAuts
    D:13: 2611 daAuts
 Snake:3: 2579 daAuts
Vaults:1: 2389 daAuts
Shoals:4: 2157 daAuts
  WizLab: 2132 daAuts
Vaults:3: 2121 daAuts
Shoals:1: 2030 daAuts
